 Dungeon Crawl Stone Soup version 0.30-a0-304-gdc4b735fe1 (webtiles) character file.

Game seed: 17488645006813795979

1612 Jannitor the Trooper (level 8, -1/57 HPs)
             Began as a Demonspawn Chaos Knight on Oct 20, 2022.
             Was a Plaything of Xom.
             Slain by an orc warrior
             ... wielding a +1 long sword of holy wrath
              (10 damage)
             ... on level 6 of the Dungeon.
             The game lasted 00:10:29 (5359 turns).

Jannitor the Trooper (Demonspawn Chaos Knight)      Turns: 5359, Time: 00:10:30

Health: -1/57      AC:  8    Str: 11 (13) XL:     8   Next: 63%
Magic:  7/7        EV: 12    Int: 11 (13) God:    Xom [*.....]
Gold:   250        SH:  0    Dex: 10 (13) Spells: 1/7 levels left

rFire   . . .      SeeInvis .    y - +0 halberd
rCold   + . .      Faith    .    (shield currently unavailable)
rNeg    + . .      Spirit   .    b - +2 leather armour
rPois   .          Reflect  .    o - +0 helmet
rElec   .          Harm     .    x - scarf {+Inv}
rCorr   .          Rampage  .    (no gloves)
Will    .....                    (no boots)
Stlth   +.........               (no amulet)
HPRegen 0.29/turn                g - ring of positive energy
MPRegen 0.10/turn                l - ring of protection from cold

@: no status effects
A: hooves 1, molten scales 2, ignite blood 1, deformed body, deterioration 2,
dopey 1, frail 1, low MP 1, sense surroundings 1, subdued magic 1
a: Renounce Religion, Evoke Invisibility


You were on level 6 of the Dungeon.
You worshipped Xom.
You were a special plaything of Xom.
You visited 1 branch of the dungeon, and saw 6 of its levels.

You collected 250 gold pieces.

Inventory:

Hand Weapons
 a - a +0 spear of chaos
 y - a +0 halberd (weapon)
Missiles
 i - 3 curare-tipped darts
Armour
 b - a +2 leather armour (worn)
 o - a +0 helmet (worn)
 x - a scarf of invisibility (worn)
Jewellery
 g - a ring of positive energy (left hand)
 l - a ring of protection from cold (right hand)
Wands
 m - a wand of digging (9)
 t - a wand of iceblast (5)
Scrolls
 d - a scroll of torment
 e - a scroll of blinking {unknown}
 f - a scroll of vulnerability
 h - a scroll of fog {unknown}
 k - a scroll of brand weapon {unknown}
 n - a scroll of enchant armour {unknown}
 p - a scroll of magic mapping {unknown}
 u - 2 scrolls of teleportation {unknown}
 v - a scroll of amnesia {unknown}
 w - 3 scrolls of enchant weapon {unknown}
Potions
 j - a potion of brilliance
 q - a potion of magic
 r - a potion of flight
 s - a potion of attraction
Miscellaneous
 c - a piece from Xom's chessboard (15/15) (quivered)


   Skills:
 + Level 5.8 Fighting
 + Level 5.3 Polearms
 + Level 4.8 Armour
 + Level 4.4 Dodging
 - Level 3.7 Summonings
 + Level 0.9 Transmutations
 + Level 0.8 Earth Magic


You had one spell level left.
You knew the following spells:

 Your Spells              Type           Power      Damage    Failure   Level
a - Call Imp              Summ           6%         N/A       13%         2
b - Petrify               Tmut/Erth      1%         N/A       96%         4

Your spell library contained the following spells:

 Spells                   Type           Power      Damage    Failure   Level
 Magic Dart               Conj           0%         1d3       36%         1
 Passwall                 Tmut/Erth      0%         N/A       38%         2
 Ensorcelled Hibernation  Hex/Ice        0%         N/A       52%         2
 Sublimation of Blood     Necr           0%         N/A       52%         2
 Dazzling Flash           Conj/Hex       0%         N/A       77%         3
 Mephitic Cloud           Conj/Pois/Air  0%         N/A       77%         3
 Swiftness                Air            0%         N/A       77%         3
 Agony                    Necr           0%         N/A       100%        5
 Irradiate                Conj/Tmut      0%         3d11      100%        5
 Silence                  Hex/Air        0%         N/A       100%        5


Dungeon Overview and Level Annotations

Branches:
Dungeon (6/15)             Temple (0/1) D:4

Altars:


Innate Abilities, Weirdness & Mutations

You have large cloven feet.
You are mostly covered in molten scales. (AC +3)
Your demonic aura sometimes causes spilled blood to erupt in flames.
Armour fits poorly on your strangely shaped body.
Your body often deteriorates upon taking damage.
You are dopey. (Int -2)
You are frail. (-10% HP)
Your magical capacity is low. (-10% MP)
You passively map a small area around you.
Your spells are a little easier to cast, but a little less powerful.


Message History

The orc is no longer moving slowly.
You hear a shout!
You hit the orc but do no damage. You kick the orc.
The orc is heavily wounded.
The orc is engulfed in seething chaos.
Something you can't see is in the way.
You hit something but do no damage. Your kick misses something.
Something hits you but does no damage.
The orc is engulfed in seething chaos.
Something hits you.
You reach to attack!
You slash the orc!
You kill the orc!
Something hits you but does no damage.
The orc is engulfed in seething chaos.
The orc goes berserk!
You hear an angry hiss.
You reach to attack!
You puncture the orc!
The orc is almost dead.
Something hits you but does no damage. x2
You hear a shout!
No target in view!
No target in view!
You slash something! You kick something.
An orc wizard appears from thin air!
Reactivating autopickup.
The orc wizard closely misses you.
Deactivating autopickup; reactivate with Ctrl-A.
You miss something. Your kick misses something. Something hits you.
You convulse.
You hear an angry hiss.
You miss something. Your kick misses something. Something hits you!
You convulse!
Your body deteriorates!
You feel clumsy.
You hear some strange, mumbled words.
The orc priest casts a cantrip, but nothing happens.
Something hits the orc wizard!!
The orc wizard dies!
Okay, then.
Unknown command.
You miss something. Something hits you!!
* * * LOW HITPOINT WARNING * * *
Your body deteriorates!
You feel clumsy.
You convulse!
You die...

############..#...## ###########
..######...#....## #.........#
#................###.........#
,,.........###...#............<#
######.#####...####.†.~.÷.)<)#
*########.....o.o.###..P~~~~P.).#
,...........)§°{###~~~~♣~P~~...#
#......)..###)# #.P~♣♣♣♣~~P..#
#......oo.# #@###.~♣♣ ♣♣~P..#
#.........# #....~~~♣♣♣♣♣~...#
..##....o{...# ###..~~~♣~~~~P.###
........o....# #.#...~.~P~~##
......)o.o...# #.#.#.~..P###
.......#.#########.#..^...##
.........# ##....##..##.#
.......... #..######....#
........#.# ##o## #.####


You could see an orc priest and an orc (berserk, agile).

Vanquished Creatures
  A floating eye (shapeshifter) (D:4)
  An ice beast (D:6)
  3 ogres
  3 phantoms (D:5)
  2 scorpions (D:5)
  2 orc priests
  2 hounds
  An iron imp (D:5)
  A jelly (D:4)
  8 orc wizards
  5 iguanas
  Robin (D:2)
  10 gnolls
  4 adders
  A white imp (D:4)
  A worm (D:3)
  3 dart slugs
  33 orcs
  2 ball pythons
  4 endoplasms
  15 goblins
  11 hobgoblins
  2 jackals (D:1)
  6 kobolds
  2 quokkas
  2 bats
  4 frilled lizards
  6 rats
136 creatures vanquished.

Vanquished Creatures (collateral kills)
  A sky beast (D:4)
1 creature vanquished.

Vanquished Creatures (others)
  An iguana (D:6)
  An orc wizard (D:6)
  A bat zombie (D:1)
  14 plants (D:6)
17 creatures vanquished.

Grand Total: 154 creatures vanquished

Notes
Turn   | Place    | Note
-------+----------+-------------------------------------------
     0 | D:1      | Jannitor the Demonspawn Chaos Knight began the quest for
                  | the Orb.
     0 | D:1      | Reached XP level 1. HP: 18/18 MP: 1/1
    12 | D:1      | XOM: silly message
   113 | D:1      | Reached skill level 1 in Dodging
   195 | D:1      | Gained mutation: You are partially covered in molten
                  | scales. (AC +2) [demonic ancestry]
   195 | D:1      | Reached XP level 2. HP: 24/24 MP: 2/2
   335 | D:1      | XOM: noise
   710 | D:2      | Noticed Robin
   716 | D:2      | XOM: 1-stop teleportation journey
   717 | D:2      | XOM: enchant monster (good)
   720 | D:2      | Gained mutation: You are mostly covered in molten scales.
                  | (AC +3) [demonic ancestry]
   720 | D:2      | Reached XP level 3. HP: 25/29 MP: 3/3
  1239 | D:2      | XOM: cloud trail
  1463 | D:2      | Found a faded altar of an unknown god.
  1465 | D:2      | Gained mutation: Your magical capacity is low. (-10% MP)
                  | [potion of mutation]
  1465 | D:2      | Gained mutation: Your muscles are strong. (Str +4, Int/Dex
                  | -1) [potion of mutation]
  1465 | D:2      | Gained mutation: You passively map a small area around you.
                  | [potion of mutation]
  1465 | D:2      | Gained mutation: You have sharp toenails. [potion of
                  | mutation]
  1474 | D:2      | Killed Robin
  1486 | D:2      | XOM: enchant monster (good)
  1571 | D:2      | XOM: cloud trail
  1587 | D:2      | XOM: silly message
  1612 | D:2      | Reached XP level 4. HP: 35/35 MP: 3/3
  1860 | D:3      | XOM: god gift: fizzy green potion {god gift}
  1893 | D:3      | XOM: noise
  2328 | D:3      | Reached XP level 5. HP: 41/42 MP: 4/4
  2564 | D:3      | Learned a level 2 spell: Call Imp
  2618 | D:4      | Found a staircase to the Ecumenical Temple.
  2735 | D:4      | Reached skill level 1 in Summonings
  2735 | D:4      | Gained mutation: Your demonic aura sometimes causes spilled
                  | blood to erupt in flames. [demonic ancestry]
  2735 | D:4      | Reached XP level 6. HP: 43/48 MP: 5/5
  2740 | D:4      | XOM: divination: detect creatures
  2830 | D:4      | Noticed a sky beast
  2844 | D:4      | XOM: cast spell 'Monstrous Menagerie'
  2847 | D:4      | Killed a sky beast
  3001 | D:4      | XOM: silly message
  3256 | D:4      | Reached XP level 7. HP: 51/55 MP: 6/6
  3304 | D:4      | a gnoll changed into a glowing shapeshifter
  3304 | D:4      | Noticed a glowing shapeshifter (glowing shapeshifter)
  3304 | D:4      | a glowing shapeshifter changed into a floating eye
  3326 | D:4      | Identified the +4 short sword of Reinforcement {antimagic,
                  | rElec}
  3461 | D:5      | Entered Level 5 of the Dungeon
  3474 | D:5      | XOM: noise
  3477 | D:5      | XOM: repel stairs
  3488 | D:5      | XOM: polymorph white imp -> iron imp
  3491 | D:5      | XOM: chaos upgrade
  3492 | D:5      | XOM: swap monsters
  3496 | D:5      | XOM: chaos upgrade
  3497 | D:5      | XOM: stat loss: -1 Int (13/14)
  3776 | D:5      | XOM: draining
  3790 | D:5      | XOM: give mutations
  3790 | D:5      | Lost mutation: Your muscles are strong. (Str +4, Int/Dex
                  | -1) [Xom's mischief]
  3790 | D:5      | Gained mutation: Your body sometimes deteriorates upon
                  | taking damage. [Xom's mischief]
  3790 | D:5      | Gained mutation: Your spells are a little easier to cast,
                  | but a little less powerful. [Xom's mischief]
  3790 | D:5      | Gained mutation: You are frail. (-10% HP) [Xom's mischief]
  3913 | D:5      | XOM: enchant monster (good)
  3920 | D:5      | Reached skill level 5 in Fighting
  4114 | D:5      | Lost mutation: You have sharp toenails. [demonic ancestry]
  4114 | D:5      | Gained mutation: You have large cloven feet. [demonic
                  | ancestry]
  4114 | D:5      | Reached XP level 8. HP: 42/55 MP: 7/7
  4231 | D:5      | Reached skill level 5 in Polearms
  4310 | D:5      | XOM: divination: detect items
  4625 | D:5      | XOM: give mutations
  4625 | D:5      | Gained mutation: Your body often deteriorates upon taking
                  | damage. [Xom's mischief]
  4625 | D:5      | Gained mutation: You are dopey. (Int -2) [Xom's mischief]
  4779 | D:6      | XOM: god gift: book of Alchemy
  4788 | D:6      | XOM: stat loss: -1 Str (12/13)
  4805 | D:5      | Learned a level 4 spell: Petrify
  4807 | D:5      | XOM: give mutation
  4807 | D:5      | Gained mutation: Armour fits poorly on your strangely
                  | shaped body. [Xom's mischief]
  5060 | D:6      | XOM: destruction
  5068 | D:6      | XOM: 1-stop teleportation journey
  5333 | D:6      | XOM: chaos cloud
  5359 | D:6      | Slain by an orc warrior

Illustrated notes

Levels and vault maps discovered:
D:1:      ebering_trefoil_twist, layout_loops_ring
D:2:      layout_loops_corners, shapermc_ecumenical_altar_mp_highgroup,
          uniq_robin
D:3:      layout_basic, chequers_serial_rivers_room_b, moated_statue
D:4:      minmay_chambers_of_fours, layout_rooms,
          minmay_temple_entry_statues_pillars
D:5:      layout_rooms, serial_corexii_hall, corexii_hall_statues_u,
          corexii_hall_statues_u, minmay_liquid_box, dreamdust_princess_corridor
D:6:      layout_rooms, glass_columns_a, serial_bayou_pond_c

Skill      XL: |  1  2  3  4  5  6  7  8 |
---------------+-------------------------+-----
Dodging        | 1 2 3 4 |  4.4
Armour         | 2 3 4 |  4.8
Polearms       | 3 4 5 |  5.3
Fighting       | 4 5 |  5.8
Summonings     | 1 2 3 |  3.7
Transmutations | |  0.9
Earth Magic    | |  0.8

Action                   |  1- 3 |  4- 6 |  7- 9 || total
-------------------------+-------+-------+-------++-------
Melee: Spear             |   138 |   188 |   143 ||   469
       Kick              |     7 |    31 |    58 ||    96
       Punch             |     1 |       |     2 ||     3
       Halberd           |       |       |    79 ||    79
 Cast: Call Imp          |       |     1 |     3 ||     4
Evoke: Wand              |       |       |     2 ||     2
  Use: Potion            |     5 |       |     4 ||     9
       Scroll            |       |     2 |     3 ||     5
 Stab: Paralysed         |     3 |       |     6 ||     9
       Sleeping          |     1 |       |       ||     1
Armor: Leather armour    |    35 |    47 |    61 ||   143
Dodge: Dodged            |    33 |    63 |    96 ||   192

Table legend: (Time is in decaauts)
 A = Elapsed time spent in this place.
 B = Non-inter-level travel time spent in this place.
 C = Inter-level travel time spent in this place.
 D = Time resting spent in this place.
 E = Time spent auto-exploring this place.
 F = Levels seen in this place.
 G = Mean time per level.
                   A        B        C        D        E       F      G
               +--------+--------+--------+--------+--------+-----+--------+
         Total |   5325 |   5135 |    190 |    998 |   2902 |   6 |  887.5 |
       Dungeon |   5325 |   5135 |    190 |    998 |   2902 |   6 |  887.5 |
               +--------+--------+--------+--------+--------+-----+--------+

Top non-repeatable levels by time:
     D:4: 1220 daAuts
     D:5: 1160 daAuts
     D:2: 1103 daAuts
     D:3: 778 daAuts
     D:1: 679 daAuts
     D:6: 382 daAuts
